 Dungeon Crawl Stone Soup version 0.27-a0-1245-g940ed4fa31 (webtiles) character file.

Game seed: 4797986260458269080

110 avis the Chopper (level 4, -11/41 HPs)
             Began as a Hill Orc Monk on June 10, 2021.
             Was a Believer of Beogh.
             Mangled by an ogre
             ... wielding a +0 giant spiked club
              (16 damage)
             ... on level 3 of the Dungeon.
             The game lasted 00:09:46 (3307 turns).

avis the Chopper (Hill Orc Monk)                    Turns: 3307, Time: 00:09:48

Health: -11/41     AC:  9    Str: 14    XL:     4   Next: 91%
Magic:  4/4        EV:  6    Int: 10    God:    Beogh [**....]
Gold:   92         SH:  0    Dex: 13    Spells: 3/3 levels left

rFire    . . .     SeeInvis .   a - +2 dagger (speed)
rCold    . . .     Faith    .   (no shield)
rNeg     . . .     Spirit   .   j - +0 chain mail
rPois    .         Reflect  .   (no helmet)
rElec    .         Harm     .   (no cloak)
rCorr    .         Rampage  .   f - +0 pair of gloves
Will     .....                  (no boots)
Stlth    ..........             (no amulet)
HPRegen  0.13/turn              (no ring)
MPRegen  0.09/turn              (no ring)

@: no status effects
A: no striking features
a: Renounce Religion, Smiting


You were on level 3 of the Dungeon.
You worshipped Beogh.
Beogh was pleased with you.
You visited 1 branch of the dungeon, and saw 4 of its levels.

You collected 92 gold pieces.

Inventory:

Hand Weapons
 a - a +2 dagger of speed (weapon)
 b - a +0 hand axe
 k - a +0 spear
 p - a +0 spear
Missiles
 e - 35 stones (quivered)
 l - 26 bolts
 r - 22 arrows
Armour
 f - a +0 pair of gloves (worn)
 g - a +0 ring mail
 j - a +0 chain mail (worn)
Jewellery
 s - a ring of resist corrosion
Wands
 i - a wand of mindburst (12)
Scrolls
 c - a scroll of vulnerability {unknown}
 d - a scroll of blinking {unknown}
 m - a scroll of summoning {unknown}
 n - 2 scrolls of identify {unknown}
 o - a scroll of brand weapon {unknown}
 t - a scroll of amnesia {unknown}
 v - a scroll of immolation {unknown}
Potions
 h - a potion of curing {unknown}
 q - 2 potions of heal wounds {unknown}
 u - a potion of flight {unknown}
 w - a potion of haste {unknown}


   Skills:
 + Level 4.6 Fighting
 * Level 6.0 Axes
 + Level 1.5 Armour
 - Level 2.4 Dodging
 - Level 1.5 Stealth


You had 3 spell levels left.
You didn't know any spells.
Your spell library was empty.

Dungeon Overview and Level Annotations

Branches:
Dungeon (4/15)
 Temple: D:4-7

Altars:
Cheibriados
Dithmenos
Wu Jian
Zin


Message History

You climb upwards.
There is a stone staircase leading down here.
There is an open door here.
There is an ornate altar of the Wu Jian Council here.
There is an open door here.
There is a stone staircase leading down here.
You climb downwards.
An ogre comes into view. It is wielding a +0 giant spiked club.
The ogre shouts!
You hear a shout!
Found 19 stones.
There is a stone staircase leading up here.
Aiming: Mindburst
Press: ? - help, Shift-Dir - straight line, f - ogre
Aim: an ogre, wielding a +0 giant spiked club (chance to affect: 65%)
The ogre's mind is blasted!
An ogre comes into view. It is wielding a +0 giant club.
Aiming: Mindburst
Press: ? - help, Shift-Dir - straight line, f/p - ogre
Aim: an ogre, wielding a +0 giant spiked club (heavily wounded, chance to affect: 65%)
The ogre's mind is blasted!
The ogre hits you with a +0 giant spiked club!
You climb upwards.
There is a stone staircase leading down here.
You hit the ogre.
The ogre is almost dead.
The ogre hits you with a +0 giant spiked club!
You completely miss the ogre.
The ogre is almost dead.
Aiming: Mindburst
Press: ? - help, Shift-Dir - straight line, f - ogre
Aim: an ogre, wielding a +0 giant spiked club (almost dead, chance to affect: 65%)
The ogre struggles to resist.
The ogre hits you with a +0 giant spiked club!
* * * LOW HITPOINT WARNING * * *
Aiming: Mindburst
Press: ? - help, Shift-Dir - straight line, f/p - ogre
Aim: an ogre, wielding a +0 giant spiked club (almost dead, chance to affect: 65%)
The ogre struggles to resist.
The ogre hits you with a +0 giant spiked club!
You die...

#### ...# ########### ##.#
#.........# #.# #.#######.#
##)#########.#######.########
..)............O@...........#
##.............#####.######.#
#..#######...## #.# #.#
##..######.#.#.# ###.# #.#
...........<.#.# #...# #.#
###.######.#.#># #.### #.#
#.# ###...## #.# #.# #.#
#....## #.# #.# #######..###
#.# #.#


You could see an ogre.

Vanquished Creatures
  An orc wizard (D:3)
  2 adders (D:3)
  2 worms
  2 dart slugs
  3 orcs (D:3)
  9 ball pythons
  4 bats
  7 endoplasms
  3 giant cockroaches
  2 goblins
  3 hobgoblins
  4 jackals (D:1)
  2 quokkas (D:1)
  3 kobolds
  4 rats
51 creatures vanquished.

Vanquished Creatures (others)
  An orc priest (D:3)
  An orc (D:3)
2 creatures vanquished.

Grand Total: 53 creatures vanquished

Notes
Turn   | Place    | Note
-------+----------+-------------------------------------------
     0 | D:1      | avis the Hill Orc Monk began the quest for the Orb.
     0 | D:1      | Reached XP level 1. HP: 19/19 MP: 1/1
   223 | D:1      | Reached XP level 2. HP: 23/27 MP: 2/2
   767 | D:1      | Reached skill level 5 in Axes
   842 | D:1      | Found a faded altar of an unknown god.
  1113 | D:2      | Reached XP level 3. HP: 33/33 MP: 3/3
  1173 | D:2      | Found a shadowy altar of Dithmenos.
  1758 | D:3      | Found a glowing silver altar of Zin.
  1780 | D:3      | Found a snail-covered altar of Cheibriados.
  2069 | D:3      | Reached skill level 1 in Armour
  2069 | D:3      | Reached XP level 4. HP: 38/41 MP: 4/4
  2450 | D:3      | Became a worshipper of Beogh the Brigand
  2450 | D:3      | Reached * piety under Beogh
  2450 | D:3      | Reached ** piety under Beogh
  2675 | D:3      | Found an ornate altar of the Wu Jian Council.
  2694 | D:3      | Reached skill level 6 in Axes
  2889 | D:3      | Found an ornate altar of the Wu Jian Council.
  3293 | D:4      | Noticed an ogre
  3294 | D:4      | Noticed an ogre
  3307 | D:3      | Mangled by an ogre

Illustrated notes

Levels and vault maps discovered:
D:1:      dpeg_chamrin_arrival_tetris, layout_rooms,
          hellmonk_ecumenical_altar_pennies_from_heaven
D:2:      layout_basic, basic_altar
D:3:      layout_loops_ring, kennysheep_slug_shrine, nzn_wu_jian_council_hall,
          nicolae_overflow_crystal_walls, roderic_nine_men_s_morris,
          dk_noncrumbling_3, kennysheep_flooded_box
D:4:      layout_gridville, general_overflow_altar,
          minmay_temple_entry_sparse_star, serial_shops, shop_fountains,
          st_stairs_9, minmay_misc_feat_tower, minivault_27, chequers_jeans,
          minmay_fire_ice_demons, uniq_grinder

Skill      XL: |  1  2  3  4 |
---------------+-------------+-----
Fighting       | 4 |  4.6
Axes           | 5 6 |  6.0
Armour         | 1 |  1.5
Dodging        | |  2.4
Stealth        | |  1.5

Action                   |  1- 3 |  4- 6 || total
-------------------------+-------+-------++-------
Melee: Hand axe          |    59 |       ||    59
       Dagger            |    71 |    72 ||   143
Throw: Stone             |     5 |       ||     5
Invok: Convert to Beogh  |       |     1 ||     1
Evoke: Wand              |       |     4 ||     4
 Stab: Sleeping          |     2 |       ||     2
Armor: Robe              |     9 |       ||     9
       Chain mail        |    33 |    21 ||    54
       Ring mail         |     3 |       ||     3
Dodge: Dodged            |    44 |    15 ||    59

Table legend: (Time is in decaauts)
 A = Elapsed time spent in this place.
 B = Non-inter-level travel time spent in this place.
 C = Inter-level travel time spent in this place.
 D = Time resting spent in this place.
 E = Time spent auto-exploring this place.
 F = Levels seen in this place.
 G = Mean time per level.
                   A        B        C        D        E       F      G
               +--------+--------+--------+--------+--------+-----+--------+
         Total |   3273 |   2920 |    353 |    920 |   1380 |   4 |  818.2 |
       Dungeon |   3273 |   2920 |    353 |    920 |   1380 |   4 |  818.2 |
               +--------+--------+--------+--------+--------+-----+--------+

Top non-repeatable levels by time:
     D:3: 1560 daAuts
     D:1: 1015 daAuts
     D:2: 689 daAuts
     D:4: 8 daAuts
